 Dungeon Crawl Stone Soup version 0.19-a0-197-gddc32c1 (webtiles) character file.

246942 AlphabetPasta the Devastator (level 19, -7/138 HPs)
             Began as a Hill Orc Conjurer on May 20, 2016.
             Was the Champion of Vehumet.
             Mangled by a wolf spider (14 damage)
             ... on level 4 of the Spider Nest on May 23, 2016.
             The game lasted 07:49:24 (62602 turns).

AlphabetPasta the Devastator (Hill Orc Conjurer)   Turns: 62602, Time: 07:49:26

Health: -7/138     AC: 11    Str: 15 (16) XL:     19   Next: 97%
Magic:  0/52       EV: 13    Int: 21      God:    Vehumet [******]
Gold:   2207       SH:  7    Dex: 10 (11) Spells: 9 memorised, 12 levels left

rFire  . . .     SeeInvis +     j - staff of power
rCold  . . .     Gourm    .     R - +2 robe {Archmagi}
rNeg   . . .     Faith    .     U - +0 buckler
rPois  +         Spirit   .     J - +0 hat {MR+}
rElec  .         Dismiss  .     C - +2 cloak {rPois}
rCorr  .         Reflect  +     K - +1 pair of gloves
SustAt .         Harm     .     I - +0 pair of boots of Jihyni {Str+3}
MR     +++..                    u - +3 amulet of reflection
Stlth  ++........               p - ring of protection from magic
                                S - ring of see invisible

@: about to teleport, extremely resistant to hostile enchantments, unstealthy
A: no striking features
a: Renounce Religion
}: 1/15 runes: decaying


You were on level 4 of the Spider Nest.
You worshipped Vehumet.
Vehumet was exalted by your worship.
You were not hungry.

You visited 7 branches of the dungeon, and saw 35 of its levels.
You also visited: Labyrinth, Sewer and Ice Cave.

You collected 3522 gold pieces.
You spent 1315 gold pieces at shops.

Inventory:

Hand Weapons
 O - the +2 short sword "Tiuf" {pierce, rF+ MP+9 Str+3}
   (You found it in a labyrinth)

   It inflicts extra damage upon your enemies.
   It affects your strength (+3).
   It protects you from fire.
   It affects your magic capacity (+9).
Armour
 m - a +2 leather armour of fire resistance
 C - a +2 cloak of poison resistance (worn)
 I - the +0 pair of boots of Jihyni (worn) {Str+3}
   (You found it in a labyrinth)

   It affects your strength (+3).
 J - a +0 hat of magic resistance (worn)
 K - a +1 pair of gloves (worn)
 Q - a +1 robe of cold resistance
 R - a +2 robe of the Archmagi (worn)
 U - a +0 buckler (worn)
Magical Staves
 j - an uncursed staff of power (weapon)
 z - an uncursed staff of conjuration
Jewellery
 a - an uncursed ring of resist corrosion
 g - a +4 ring of strength
 p - a ring of protection from magic (right hand)
 u - a +3 amulet of reflection (around neck)
 P - an uncursed ring of ice
 S - a ring of see invisible (left hand)
Wands
 b - a wand of digging (17/24)
 f - a wand of disintegration (15/24)
 h - a wand of confusion (39/48)
 l - a wand of lightning (0/15)
 r - a wand of flame (16/48)
 x - a wand of iceblast (0/15)
 B - a wand of acid (5/15)
 M - a wand of teleportation (3/9)
 W - a wand of flame (22/48)
 X - a wand of heal wounds (0/9)
Scrolls
 k - 16 scrolls of remove curse
 s - a scroll of fog
 D - a scroll of fear
 E - 16 scrolls of identify
 F - 2 scrolls of recharging
 L - 3 scrolls of magic mapping
Potions
 d - a potion of agility
 e - 13 potions of curing
 n - a potion of cancellation
 q - 3 potions of brilliance
 v - 8 potions of flight
 w - 7 potions of might
 A - a potion of haste
 H - a potion of ambrosia
 N - 5 potions of magic
 T - a potion of resistance
Books
 y - a book of the Earth

   Spells                             Type                      Level
   a - Leda's Liquefaction            Hexes/Earth                  4
   b - Bolt of Magma                  Conjuration/Fire/Earth       5
   c - Statue Form                    Transmutation/Earth          6
   d - Iron Shot                      Conjuration/Earth            6
   e - Shatter                        Earth                        9
Miscellaneous
 t - a phantom mirror
 G - a stone of tremors
 V - a fan of gales
Comestibles
 c - 9 bread rations
 i - 4 chunks of flesh


   Skills:
 - Level 5.0 Fighting
 - Level 4.1 Staves
 - Level 5.1 Armour
 - Level 5.1 Dodging
 - Level 1.5 Stealth
 - Level 4.0 Shields
 * Level 14.8 Spellcasting
 + Level 18.6 Conjurations
 + Level 14.0 Fire Magic
 + Level 13.1 Earth Magic
 + Level 9.6 Evocations


You had 12 spell levels left.
You knew the following spells:

 Your Spells              Type           Power        Failure   Level  Hunger
a - Sticky Flame          Conj/Fire      #######.     1%          4    None
b - Searing Ray           Conj           ######       0%          2    None
c - Dazzling Spray        Conj/Hex       ######       1%          3    None
d - Iskenderun's Mystic   Conj           #######.     1%          4    None
e - Bolt of Magma         Conj/Fire/Erth #######...   1%          5    ###....
f - Throw Flame           Conj/Fire      ######       0%          2    None
g - Conjure Flame         Conj/Fire      #######.     0%          3    None
h - Lee's Rapid Deconstr  Erth           #######...   1%          5    ###....
i - Orb of Destruction    Conj           #######...   1%          7    ######.


Dungeon Overview and Level Annotations

Branches:
Dungeon (15/15)            Temple (1/1) D:4            Lair (8/8) D:9
  Swamp (4/4) Lair:4       Spider (4/4) Lair:6        Slime (0/6) Lair:7
    Orc (2/2) D:12            Elf (0/3) Orc:2        Vaults (1/5) D:14
 Depths (0/5) D:15

Altars:
Ashenzari
Cheibriados
Dithmenos
Elyvilon
Fedhas
Gozag
Kikubaaqudgha
Makhleb
Nemelex Xobeh
Okawaru
Pakellas
Qazlal
Ru
Sif Muna
Trog
Vehumet
Xom
Yredelemnul
Zin
The Shining One
Beogh
Jiyva

Shops:
D:5 *   D:8 [   D:12 [   D:14 !   Orc:2 ?[[:(?}   Vaults:1 =

Portals:
Hell: Lair:8


Message History

You feel strangely unstable. The tarantella bites you!
* * * LOW HITPOINT WARNING * * *
The redback bites you!
* * * LOW HITPOINT WARNING * * *
The ghost moth stares at you.
You feel your power leaking away. The wolf spider hits you!
* * * LOW HITPOINT WARNING * * *
The wolf spider closely misses you.
Evoke which item? (* to show all) (? for menu, Esc to quit)
Okay, then.
Drink which item? (? for menu, Esc to quit)
You feel better. The redback barely misses you. The ghost moth stares at you.
The ghost moth closely misses you. The ghost moth hits you!
* * * LOW HITPOINT WARNING * * *
You feel clumsy.
The ghost moth stings you but does no damage.
The wolf spider hits you!
You die...

^......^s....## #^..≈..)..≈.##
^.....########^..≈....s.....##
###### ≈≈^.≈^..........≈###
........%...^^^###
.s............^
^......s...≈.## ^.....sss..##
.....ysss^# ...^..y@≈#
.!.#######


You could see a ghost moth (invisible), 4 wolf spiders, a hornet, 2 tarantellas
and 3 redbacks.

Vanquished Creatures
  the Lernaean hydra (Swamp:4)
  Nikola (Vaults:1)
  A quicksilver dragon (shapeshifter) (Vaults:1)
  Gastronok (Lair:2)
  4 thorn hunters
  A ghost moth (Spider:4)
  Maud (Lair:3)
  A frost giant (IceCv)
  5 vault wardens (Vaults:1)
  An emperor scorpion (Spider:2)
  Louise (D:15)
  An ironheart preserver (Vaults:1)
  A very ugly thing (Vaults:1)
  7 vault guards (D:14)
  Snorg (Lair:3)
  A minotaur (Lab)
  A fire dragon (Vaults:1)
  Josephine (Lair:4)
  3 yaktaur captains (Vaults:1)
  Fannar (Lair:1)
  5 entropy weavers
  Erolcha (D:9)
  31 hydras
  A catoblepas (Lair:7)
  3 ghost crabs
  Harold (Lair:3)
  7 ogre magi
  An anaconda (shapeshifter) (D:15)
  4 centaur warriors
  A satyr (shapeshifter) (D:13)
  9 alligators
  A deep troll earth mage (Vaults:1)
  6 death yaks
  Urug (Lair:3)
  3 deep elf knights
  Nergalle (Lair:4)
  9 skeletal warriors
  3 wizards
  A shadow wraith (Vaults:1)
  4 deep trolls (Vaults:1)
  6 unseen horrors
  An unseen horror (shapeshifter) (D:15)
  5 spriggan druids
  3 giant orange brains
  3 shambling mangroves
  15 swamp dragons
  3 ironbrand convokers (Vaults:1)
  6 hill giants
  An anubis guard (shapeshifter) (Vaults:1)
  10 orb spiders
  A necromancer (Vaults:1)
  21 ugly things
  2 griffons
  10 orc knights
  4 orc sorcerers
  17 wolf spiders
  3 cyclopes
  14 hornets
  A manticore (D:15)
  A sixfirhy (Lair:8)
  A deep elf mage (D:15)
  An orb spider (shapeshifter) (D:15)
  A moth of wrath (Spider:4)
  6 black mambas
  2 vault sentinels (Vaults:1)
  An ice statue (IceCv)
  35 elephants
  27 spiny frogs
  3 centaur skeletons
  A smoke demon (Lair:8)
  A torpor snail (Lair:4)
  4 orange demons (Lair:8)
  2 rime drakes
  14 yaktaurs
  4 kobold demonologists (Vaults:1)
  11 demonic crawlers
  A tengu conjurer (D:14)
  10 komodo dragons
  6 trolls
  A hellwing (Lair:8)
  A freezing wraith (Vaults:1)
  15 jumping spiders
  3 red devils (Lair:8)
  A polar bear (shapeshifter) (Vaults:1)
  19 polar bears (IceCv)
  8 giant leeches
  22 two-headed ogres
  Prince Ribbit (D:5)
  A boulder beetle (Spider:4)
  7 bog bodies
  A frost giant simulacrum (Vaults:1)
  27 slime creatures
  11 blink frogs
  An ice dragon zombie (Vaults:1)
  A vampire (D:15)
  A tarantella (shapeshifter) (D:14)
  33 redbacks
  7 wraiths
  4 water elementals (D:15)
  2 shadows
  14 tarantellas
  4 wyverns
  A centaur simulacrum (D:12)
  78 yaks
  7 spriggans
  A hog (D:7)
  A hog (shapeshifter) (D:15)
  2 humans
  3 hungry ghosts
  2 basilisks
  16 hippogriffs
  A steam dragon (Lair:5)
  25 vampire mosquitoes
  Edmund (D:5)
  3 mottled dragons
  5 wargs
  26 swamp worms
  18 water moccasins
  20 insubstantial wisps
  A soldier ant (D:10)
  A hell hound (Lair:8)
  11 porcupines
  10 ice beasts
  A sky beast (D:12)
  13 wasps
  2 eyes of draining
  2 necrophages
  39 orc warriors
  17 swamp drakes
  2 phantoms
  3 black bears
  A boggart (Vaults:1)
  32 ogres
  25 wolves
  An orc skeleton (Vaults:1)
  17 centaurs
  17 crocodiles
  The ghost of wearedevo the Magician, an amateur OpWz (D:3)
  2 big kobolds
  23 giant frogs
  A gnoll sergeant (Orc:1)
  A wyvern skeleton (D:11)
  2 water moccasin skeletons
  8 scorpions
  10 killer bees
  3 wights
  2 human simulacra (Vaults:1)
  4 electric eels
  15 crimson imps
  4 centaur zombies
  6 howler monkeys
  A giant frog zombie (D:6)
  A quasit (D:5)
  A giant frog skeleton (D:12)
  16 orc priests
  8 hounds
  A jelly (D:7)
  Jessica (D:2)
  31 orc wizards
  13 worker ants
  10 iguanas
  A killer bee zombie (D:7)
  14 sheep
  A hound zombie (D:7)
  A hound skeleton (D:7)
  A howler monkey zombie (D:10)
  A worker ant zombie (D:7)
  60 river rats
  17 adders
  8 gnolls
  10 shadow imps
  An adder skeleton (D:5)
  6 worms
  10 dart slugs
  7 giant geckos
  129 orcs
  8 giant cockroaches
  12 hobgoblins
  14 jackals
  6 quokkas
  16 bats
  A giant gecko skeleton (D:8)
  A giant newt (D:4)
  5 goblins
  A jackal skeleton (D:6)
  27 kobolds
  2 quokka skeletons (D:4)
  13 rats
  6 fungi
  2 plants
1522 creatures vanquished.

Vanquished Creatures (others)
  A griffon (Vaults:1)
  A spiny frog (Swamp:3)
  A yaktaur (Vaults:1)
  An orc warrior (D:9)
  2 centaurs (D:13)
  A bush (Lair:5)
  46 fungi
  23 plants
  6 toadstools (Swamp:2)
82 creatures vanquished.

Grand Total: 1604 creatures vanquished

Notes
Turn   | Place    | Note
--------------------------------------------------------------
     0 | D:1      | AlphabetPasta the Hill Orc Conjurer began the quest for the Orb.
     0 | D:1      | Reached XP level 1. HP: 14/14 MP: 3/3
   224 | D:1      | Reached XP level 2. HP: 20/22 MP: 1/4
   228 | D:1      | Learned a level 2 spell: Searing Ray
   379 | D:1      | Reached skill level 1 in Fighting
   559 | D:1      | Reached XP level 3. HP: 26/28 MP: 2/5
  1220 | D:2      | Reached XP level 4. HP: 35/35 MP: 5/7
  1225 | D:2      | Learned a level 3 spell: Dazzling Spray
  1447 | D:2      | Noticed Jessica
  1493 | D:2      | Killed Jessica
  1493 | D:2      | Reached skill level 5 in Conjurations
  1782 | D:3      | Reached XP level 5. HP: 16/41 MP: 0/8
  1899 | D:3      | HP: 2/41 [something/puff of flame (11)]
  2240 | D:3      | Upgraded the game from 0.19-a0-154-g449270e to 0.19-a0-160-gd53b84c
  2454 | D:3      | Noticed wearedevo's ghost (amateur OpWz)
  3138 | D:3      | Reached XP level 6. HP: 50/50 MP: 6/10
  3723 | D:3      | Reached skill level 6 in Conjurations
  3732 | D:3      | Learned a level 4 spell: Iskenderun's Mystic Blast
  3942 | D:3      | Killed wearedevo's ghost
  4257 | D:4      | Noticed a phantom
  4403 | D:4      | Found a shimmering altar of Xom.
  4407 | D:4      | Noticed an angel
  4411 | D:4      | Found a glowing silver altar of Zin.
  4634 | D:4      | Killed a phantom
  4634 | D:4      | Reached skill level 1 in Armour
  4634 | D:4      | Reached XP level 7. HP: 51/57 MP: 1/11
  4981 | D:4      | Found a shadowy altar of Dithmenos.
  5254 | D:4      | Found a staircase to the Ecumenical Temple.
  5265 | Temple   | Entered the Ecumenical Temple
  5518 | D:4      | Found a blossoming altar of Fedhas.
  5659 | D:5      | Entered Level 5 of the Dungeon
  5873 | D:5      | Reached skill level 7 in Conjurations
  6088 | D:5      | Reached skill level 1 in Evocations
  6391 | D:5      | Noticed Edmund
  6406 | D:5      | Noticed Prince Ribbit
  6427 | D:5      | Killed Edmund
  6427 | D:5      | Reached XP level 8. HP: 22/64 MP: 1/13
  6689 | D:5      | Killed Prince Ribbit
  6689 | D:5      | Reached skill level 1 in Staves
  6789 | D:5      | Learned a level 5 spell: Bolt of Magma
  6930 | D:5      | Found Tusais's General Store.
  7209 | D:6      | Reached skill level 1 in Fire Magic
  7300 | D:6      | Found a glowing drain.
  7308 | Sewer    | Entered a sewer
  7480 | Sewer    | Reached skill level 8 in Conjurations
  7556 | Sewer    | Found a glowing silver altar of Zin.
  7979 | D:6      | Reached skill level 1 in Earth Magic
  8370 | D:6      | Reached XP level 9. HP: 70/70 MP: 10/16
  9279 | D:7      | Reached skill level 5 in Spellcasting
  9511 | D:7      | Reached skill level 9 in Conjurations
  9865 | D:7      | Found a snail-covered altar of Cheibriados.
 10719 | D:7      | Reached XP level 10. HP: 77/77 MP: 9/18
 11744 | D:8      | Found a radiant altar of Vehumet.
 11744 | D:8      | Found a bloodstained altar of Trog.
 11750 | D:8      | Became a worshipper of Vehumet
 11787 | D:8      | Found a basalt altar of Yredelemnul.
 11796 | D:8      | Found a sparkling altar of Nemelex Xobeh.
 12263 | D:8      | Found an oddly glowing altar of Pakellas.
 12263 | D:8      | Found a shattered altar of Ashenzari.
 12283 | D:8      | Found Asmaopn's Antique Armour Boutique.
 12286 | D:8      | Bought a glowing cloak for 85 gold pieces
 12286 | D:8      | Bought a pair of boots for 85 gold pieces
 12796 | D:9      | Found a staircase to the Lair.
 12845 | D:9      | Noticed Erolcha
 12861 | D:9      | Killed Erolcha
 12861 | D:9      | Reached skill level 10 in Conjurations
 13074 | D:9      | Found a glowing golden altar of the Shining One.
 13200 | D:9      | Found a burning altar of Makhleb.
 13200 | D:9      | Found a sacrificial altar of Ru.
 13231 | D:9      | Reached skill level 5 in Fire Magic
 13262 | D:9      | Reached * piety under Vehumet
 13262 | D:9      | Offered knowledge of Flame Tongue by Vehumet.
 13727 | D:10     | Entered Level 10 of the Dungeon
 13754 | D:10     | Reached XP level 11. HP: 82/82 MP: 15/21
 14003 | D:10     | Noticed a hill giant
 14810 | D:10     | You fall through a shaft for 3 floors!
 14810 | D:13     | Noticed a skeletal warrior
 14810 | D:13     | Noticed a skeletal warrior
 14810 | D:13     | Noticed a skeletal warrior
 14810 | D:13     | Noticed a skeletal warrior
 14810 | D:13     | Noticed a cyclops
 14821 | D:12     | Found a labyrinth entrance.
 14841 | Lab      | Entered a labyrinth
 15099 | Lab      | Noticed a minotaur
 15113 | Lab      | Killed a minotaur
 15113 | Lab      | Reached skill level 5 in Earth Magic
 15134 | Lab      | Got a pair of slimy boots
 15141 | Lab      | Got a fine dagger
 15145 | Lab      | Got a scorched short sword
 15160 | Lab      | Identified the +0 pair of boots of Jihyni {Str+3} (You found it in a labyrinth)
 15160 | Lab      | Identified the +2 short sword "Tiuf" {pierce, rF+ MP+9 Str+3} (You found it in a labyrinth)
 15404 | D:11     | Noticed a hill giant
 15415 | D:11     | Killed a hill giant
 15764 | Lair:1   | Entered Level 1 of the Lair of Beasts
 15764 | Lair:1   | Noticed Fannar
 15771 | D:9      | Reached ** piety under Vehumet
 15815 | Lair:1   | Killed Fannar
 15975 | Lair:1   | Offered knowledge of Throw Flame by Vehumet.
 15975 | Lair:1   | Reached skill level 11 in Conjurations
 15982 | Lair:1   | Learned a level 2 spell: Throw Flame
 16020 | Lair:1   | Found a frozen archway.
 16079 | IceCv    | Entered an ice cave
 16080 | IceCv    | Upgraded the game from 0.19-a0-160-gd53b84c to 0.19-a0-169-g15dfbc9
 16439 | IceCv    | Reached skill level 5 in Armour
 17530 | IceCv    | Reached XP level 12. HP: 81/90 MP: 20/24
 17608 | IceCv    | Offered knowledge of Conjure Flame by Vehumet.
 18171 | IceCv    | Learned a level 3 spell: Conjure Flame
 19156 | IceCv    | Reached skill level 12 in Conjurations
 19219 | IceCv    | Noticed a death yak
 19219 | IceCv    | Noticed a frost giant
 19299 | IceCv    | Killed a death yak
 20001 | IceCv    | Killed a frost giant
 20001 | IceCv    | Reached *** piety under Vehumet
 20030 | IceCv    | Identified the Almanac of the Congealing Arsonist
 21201 | Lair:2   | Offered knowledge of Inner Flame by Vehumet.
 21264 | Lair:2   | Noticed a four-headed hydra
 21368 | Lair:2   | Killed a four-headed hydra
 21568 | Lair:2   | Reached XP level 13. HP: 95/95 MP: 21/26
 21900 | Lair:2   | Noticed Gastronok
 21923 | Lair:2   | Killed Gastronok
 22299 | Lair:2   | Reached **** piety under Vehumet
 22466 | Lair:3   | Offered knowledge of Lee's Rapid Deconstruction by Vehumet.
 22561 | Lair:3   | Learned a level 5 spell: Lee's Rapid Deconstruction
 22809 | Lair:3   | Reached skill level 13 in Conjurations
 22849 | Lair:3   | Noticed Harold
 22852 | Lair:3   | Killed Harold
 22885 | Lair:3   | Noticed Urug
 22892 | Lair:3   | Killed Urug
 23008 | Lair:3   | Noticed Snorg
 23012 | Lair:3   | Noticed Maud
 23016 | Lair:3   | Killed Snorg
 23455 | Lair:3   | Killed Maud
 24280 | Lair:4   | Noticed Josephine
 24428 | Lair:4   | Killed Josephine
 24553 | Lair:4   | Reached skill level 10 in Spellcasting
 24645 | Lair:4   | Upgraded the game from 0.19-a0-169-g15dfbc9 to 0.19-a0-172-g3b1235c
 24970 | Lair:4   | Noticed Nergalle
 25237 | Lair:4   | Killed Nergalle
 25499 | Lair:4   | Found a staircase to the Swamp.
 25646 | Lair:4   | Reached XP level 14. HP: 102/102 MP: 22/28
 25789 | Lair:4   | Reached skill level 5 in Evocations
 26982 | Lair:5   | Reached ***** piety under Vehumet
 27129 | Lair:5   | Offered knowledge of Poison Arrow by Vehumet.
 28024 | Lair:5   | Reached skill level 14 in Conjurations
 29564 | Lair:6   | Found a hole to the Spider Nest.
 29907 | Lair:6   | Found a shadowy altar of Dithmenos.
 30762 | Lair:7   | Offered knowledge of Sticky Flame by Vehumet.
 30769 | Lair:7   | Learned a level 4 spell: Sticky Flame
 30855 | Lair:7   | Reached skill level 10 in Fire Magic
 31729 | Lair:7   | Reached XP level 15. HP: 107/107 MP: 17/30
 31862 | Lair:7   | Upgraded the game from 0.19-a0-172-g3b1235c to 0.19-a0-174-g09de571
 32141 | Lair:7   | Found a staircase to the Slime Pits.
 32142 | Lair:7   | Found a viscous altar of Jiyva.
 32880 | Lair:8   | Entered Level 8 of the Lair of Beasts
 33733 | Lair:8   | Reached skill level 15 in Conjurations
 34115 | Lair:8   | Offered knowledge of Bolt of Fire by Vehumet.
 34312 | Lair:8   | Reached skill level 10 in Earth Magic
 35095 | Lair:8   | Found a burning altar of Makhleb.
 35115 | Lair:8   | Reached skill level 5 in Fighting
 35521 | Lair:8   | Found a gateway to Hell.
 36940 | D:12     | Offered knowledge of Orb of Destruction by Vehumet.
 36964 | D:12     | Learned a level 7 spell: Orb of Destruction
 37022 | D:12     | Found a staircase to the Orcish Mines.
 37349 | D:12     | Found Tikhlyl's Antique Armour Boutique.
 37586 | Orc:1    | Entered Level 1 of the Orcish Mines
 37928 | D:12     | Reached XP level 16. HP: 66/119 MP: 22/31
 38339 | Orc:1    | Found a bloodstained altar of Trog.
 38395 | Orc:1    | Reached skill level 1 in Shields
 38580 | Orc:2    | Entered Level 2 of the Orcish Mines
 38816 | Orc:2    | Found Hofoami's Gadget Boutique.
 38911 | Orc:2    | Found a staircase to the Elven Halls.
 39041 | Orc:2    | Offered knowledge of Spellforged Servitor by Vehumet.
 39775 | Orc:2    | Found Sacathob's Book Shop.
 39775 | Orc:2    | Found Daply's Armour Emporium.
 39776 | Orc:2    | Found Cuaseon's Antique Armour Emporium.
 39776 | Orc:2    | Found Piny's Magic Scroll Boutique.
 39984 | Orc:2    | Bought a pair of runed gloves for 148 gold pieces
 39996 | Orc:2    | Found Ceheelikk's Magic Scroll Shoppe.
 40004 | Orc:2    | Bought a scroll of blinking for 127 gold pieces
 40004 | Orc:2    | Bought a scroll of blinking for 127 gold pieces
 40316 | Orc:2    | Found Xown's Weapon Shoppe.
 41527 | D:13     | Offered knowledge of Poisonous Cloud by Vehumet.
 41826 | Swamp:1  | Entered Level 1 of the Swamp
 42442 | Swamp:1  | Reached skill level 16 in Conjurations
 43698 | Swamp:2  | Noticed a thorn hunter
 43944 | Swamp:2  | Killed a thorn hunter
 44411 | Swamp:2  | Reached XP level 17. HP: 72/126 MP: 4/33
 44888 | Swamp:2  | Offered knowledge of Conjure Ball Lightning by Vehumet.
 45074 | Swamp:2  | Upgraded the game from 0.19-a0-174-g09de571 to 0.19-a0-187-g652b484
 45343 | Swamp:2  | Upgraded the game from 0.19-a0-187-g652b484 to 0.19-a0-188-ga21aea4
 46776 | Swamp:3  | Reached skill level 5 in Dodging
 47207 | Swamp:4  | Entered Level 4 of the Swamp
 48754 | Swamp:4  | Reached skill level 17 in Conjurations
 48915 | Swamp:4  | Noticed the 27-headed Lernaean hydra
 48919 | Swamp:4  | Killed the 27-headed Lernaean hydra
 49058 | Swamp:4  | Got a decaying rune of Zot
 49651 | Swamp:4  | Reached XP level 18. HP: 132/133 MP: 18/35
 50141 | D:13     | Found a roughly hewn altar of Beogh.
 50443 | D:14     | Found Cuga's Distillery.
 50450 | D:14     | Bought a potion of brilliance for 60 gold pieces
 50450 | D:14     | Bought 2 potions of magic for 240 gold pieces
 50450 | D:14     | Bought a potion of cancellation for 120 gold pieces
 51182 | D:14     | Reached ****** piety under Vehumet
 51208 | D:14     | Found a gate to the Vaults.
 51328 | D:15     | Entered Level 15 of the Dungeon
 52006 | D:15     | Noticed Louise
 52014 | D:15     | Killed Louise
 52283 | D:15     | Offered knowledge of Lehudib's Crystal Spear by Vehumet.
 52283 | D:15     | Offered knowledge of Fire Storm by Vehumet.
 52283 | D:15     | Offered knowledge of Glaciate by Vehumet.
 52894 | D:15     | Found a staircase to the Depths.
 53038 | Vaults:1 | Entered Level 1 of the Vaults
 53442 | Vaults:1 | HP: 4/133 [vault guard/glaive[a vault warden] (13)]
 56047 | Vaults:1 | Noticed a quicksilver dragon
 56063 | Vaults:1 | Killed a quicksilver dragon
 56273 | Vaults:1 | Reached XP level 19. HP: 112/138 MP: 37/37
 56274 | Vaults:1 | Upgraded the game from 0.19-a0-188-ga21aea4 to 0.19-a0-197-gddc32c1
 56379 | Vaults:1 | Reached skill level 18 in Conjurations
 57456 | Vaults:1 | Noticed Nikola
 57462 | Vaults:1 | Killed Nikola
 57921 | Vaults:1 | Found Douba's Jewellery Shoppe.
 57926 | Vaults:1 | Bought a cursed amulet of inaccuracy for 38 gold pieces
 57926 | Vaults:1 | Bought an uncursed ring of see invisible for 285 gold pieces
 58438 | Spider:1 | Entered Level 1 of the Spider Nest
 62096 | Spider:4 | Entered Level 4 of the Spider Nest
 62602 | Spider:4 | Mangled by a wolf spider

Vault maps used:
D:1:      nicolae_arrival_somewhat_less_tricky_arrival
D:2:      first_bread, eino_tiny_chamber, uniq_jessica
D:3:      lexackson_kobold_supper
D:4:      kennysheep_slugbush, grunt_temple_overflow_order_and_chaos_1,
          old_standard_altar, grunt_dithmenos_shadows, minmay_temple_entry_hall,
          minmay_misc_feat_tiny
D:5:      serial_shops, kennysheep_little_box, uniq_prince_ribbit1, uniq_edmund
D:6:      gup_sewer_entry_spiral, amalloy_card_club
D:7:      old_forge, lemuel_round_altar, grunt_livestock, minmay_nine_imps
D:8:      boulder_corridor_run, grunt_temple_overflow_cloverleaf,
          gammafunk_temple_overflow_statue, serial_shops, kennysheep_mini_moat
D:9:      gammafunk_temple_overflow_forgotten, lair_0_dummy, uniq_erolcha
D:10:     corexii_leaking_fountain
D:11:     serial_park_tiny_2
D:12:     hiddenorc2_lemuel, lab_entry_generic, serial_shops,
          nicolae_shop_crystal, minmay_misc_feat_iff
D:13:     special_room
D:14:     grunt_vaults_entry_fortified, serial_shops, shop, serial_park_tiny_1
D:15:     gammafunk_enter_depths_forms, hangedman_abyss_or_decor_slice,
          uniq_louise
Temple:   circular_temple_6
Lair:1:   portal_ice_cave_entry_ice_beasts, beast_lair_carwin_11, uniq_fannar
Lair:2:   grunt_megastairs_1, uniq_gastronok
Lair:3:   uniq_urug, uniq_maud, uniq_snorg, uniq_harold
Lair:4:   minmay_swamp_entry_worms, uniq_josephine, uniq_nergalle
Lair:5:   st_stairs_8
Lair:6:   nicolae_spider_entry_non_spiders, basic_altar
Lair:7:   slime_altar_1, serial_bayou_pond_b
Lair:8:   evil_forest
Swamp:1:  evilmike_swamp_ruin_house_5, swamp_pool1
Swamp:2:  cheibrodos_swamp_tower_of_moss, nicolae_swamp_dense_foliage
Swamp:3:  nicolae_swamp_stair_fork
Swamp:4:  swamp_old_school, infiniplex_staircase_pool
Spider:4: grunt_spider_rune_parallel, spider_trap
Orc:1:    nicolae_orc_flooded_monolith, nicolae_orc_sculptors_studio,
          trog_butcher_becter
Orc:2:    st_orc_ogre_mass, serial_shops, nicolae_shop_trees,
          nicolae_shop_statue_plus, nicolae_shop_crystal
Vaults:1: v_rooms_6, st_cells, nicolae_vaults_triangles, vaults_dpeg_diagonal,
          vaults_dpeg_doors, vaults_mumra_minichess_inversion,
          nicolae_vaults_little_squares_2, vaults_room_grunt_arrival_ludios,
          nicolae_vaults_border_crossing, ontoclasm_vaults_gateway,
          grunt_vaults_hallway_short, serial_shops, shop, uniq_nikola
Lab:      nicolae_lab_dead_adventurers, lab_statue, nicolae_lab_t_cross,
          labyrinth_skeletal_remains
Sewer:    sewer_kobolds
IceCv:    ice_cave_caverns_01

Skill      XL: |  1  2  3  4  5  6  7  8  9 10 11 12 13 14 15 16 17 18 19 |
---------------+----------------------------------------------------------+-----
Fighting       | 1 2 3 5 |  5.0
Spellcasting   | 2 3 4 5 6 8 9 10 11 12 13 14 | 14.8
Conjurations   | 5 6 7 8 9 10 11 12 13 14 15 16 17 18 | 18.6
Armour         | 1 2 3 5 |  5.1
Evocations     | 1 3 4 5 6 7 8 9 |  9.6
Staves         | 2 3 4 |  4.1
Fire Magic     | 2 3 5 6 7 8 10 11 12 13 14 | 14.0
Earth Magic    | 1 3 4 6 7 8 9 10 11 12 13 | 13.1
Dodging        | 2 4 5 |  5.1
Shields        | 4 |  4.0
Stealth        | |  1.5

Action                   |  1- 3 |  4- 6 |  7- 9 | 10-12 | 13-15 | 16-18 | 19-21 || total
-------------------------+-------+-------+-------+-------+-------+-------+-------++-------
Melee: Short sword       |    27 |    71 |       |     5 |       |       |       ||   103
       Staff             |       |       |    20 |    46 |    32 |    19 |     9 ||   126
 Cast: Magic Dart        |    50 |   105 |   203 |   168 |     1 |       |       ||   527
       Searing Ray       |     2 |    20 |    63 |   169 |   243 |   124 |     3 ||   624
       Bolt of Magma     |       |       |       |     8 |   125 |   191 |    50 ||   374
       Throw Flame       |       |       |       |    38 |   273 |   277 |    18 ||   606
       Iskenderun's Myst |       |       |       |    26 |   147 |   595 |   287 ||  1055
       Conjure Flame     |       |       |       |    22 |    28 |       |       ||    50
       Sticky Flame      |       |       |       |       |    14 |    75 |    37 ||   126
       Lee's Rapid Decon |       |       |       |       |     4 |     3 |       ||     7
Evoke: Wand              |       |       |     4 |    14 |    29 |    12 |    13 ||    72
  Use: Potion            |       |     5 |     1 |     6 |     4 |     4 |     6 ||    26
       Scroll            |       |    12 |     7 |    12 |    10 |    12 |    10 ||    63
 Stab: Sleeping          |       |     1 |       |       |       |     1 |       ||     2
  Eat: Chunk             |     2 |     8 |     8 |    18 |    57 |    35 |    16 ||   144
       Meat ration       |       |     1 |     2 |     1 |     1 |     3 |       ||     8
       Royal jelly       |       |       |     1 |       |     1 |     2 |       ||     4
       Beef jerky        |       |       |       |     6 |       |     3 |     1 ||    10
       Pizza             |       |       |       |     3 |     2 |     4 |       ||     9
       Fruit             |       |       |       |     1 |     3 |     7 |     5 ||    16
       Bread ration      |       |       |       |       |     2 |     4 |       ||     6
Armor: Robe              |     5 |    27 |    16 |    95 |   114 |   154 |    67 ||   478
       Skin              |       |    17 |       |       |       |       |       ||    17
       Leather armour    |       |       |       |    24 |    20 |       |       ||    44
Dodge: Dodged            |    18 |    69 |    76 |   242 |   290 |   257 |   136 ||  1088
Block: Other             |       |       |     9 |    40 |    62 |       |       ||   111
       Reflection        |       |       |     1 |     1 |       |    18 |     1 ||    21
       Buckler           |       |       |       |       |       |   170 |    94 ||   264
